 Dungeon Crawl Stone Soup version 0.24-a0-181-gd121a6d (webtiles) character file.

Game seed: 16416369047875423703

22 Hylith the Caller (level 2, 0/19 HPs)
             Began as a Barachi Summoner on Mar 14, 2019.
             Slain by a goblin
             ... wielding a +0 club
             ... led by Robin
              (3 damage)
             ... on level 2 of the Dungeon.
             The game lasted 00:04:06 (597 turns).

Hylith the Caller (Barachi Summoner)                 Turns: 597, Time: 00:04:06

Health: 0/19       AC:  2    Str:  9    XL:     2   Next: 91%
Magic:  0/5        EV: 12    Int: 15    God:
Gold:   49         SH:  0    Dex: 12    Spells: 5/6 levels left

rFire    . . .     SeeInvis .   b - +0 club
rCold    . . .     Gourm    .   (no shield)
rNeg     . . .     Faith    .   a - +0 robe
rPois    .         Spirit   +   (no helmet)
rElec    .         Reflect  .   i - scarf {Spirit}
rCorr    .         Harm     .   (no gloves)
MR       .....                  (no boots)
Stlth    ++........             (no amulet)
HPRegen  0.06/turn              (no ring)
MPRegen  0.09/turn              (no ring)

@: slow
A: +LOS, swims, slowness 1, strong legs 1
a: Hop


You were on level 2 of the Dungeon.
You were not hungry.

You visited 1 branch of the dungeon, and saw 2 of its levels.

You collected 49 gold pieces.

Inventory:

Hand Weapons
 b - a +0 club (weapon)
Missiles
 g - 16 stones (quivered)
Armour
 a - a +0 robe (worn)
 i - a scarf of spirit shield (worn)
Scrolls
 d - a scroll of amnesia {unknown}
 e - a scroll of immolation {unknown}
 f - 2 scrolls of identify {unknown}
 h - 2 scrolls of remove curse {unknown}
 k - a scroll of random uselessness {unknown}
 l - a scroll of enchant armour {unknown}
Potions
 j - a potion of flight {unknown}
Comestibles
 c - 2 rations


   Skills:
 - Level 2.1 Dodging
 + Level 1.8 Stealth
 * Level 2.6 Spellcasting
 * Level 5.4 Summonings


You had 5 spell levels left.
You knew the following spells:

 Your Spells              Type           Power        Failure   Level  Hunger
a - Summon Small Mammal   Summ           ###.         2%          1    #......

Your spell library contained the following spells:

 Spells                   Type           Power        Failure   Level  Hunger
 Call Imp                 Summ           ###.....     3%          2    ##.....
 Call Canine Familiar     Summ           ###.....     7%          3    ###....
 Summon Guardian Golem    Hex/Summ       ##......     21%         3    ###....
 Summon Ice Beast         Ice/Summ       ##......     56%         4    #####..
 Summon Lightning Spire   Summ/Air       ##......     56%         4    #####..


Dungeon Overview and Level Annotations

Branches:
Dungeon (2/15)

Altars:

Annotations:
D:2 Robin


Innate Abilities, Weirdness & Mutations

Shadows flee at your approach. (+LOS)
You can swim through water.
You cover ground slowly.
You can hop short distances.


Message History

You kill the jackal!
The hobgoblin no longer looks unusually strong. x2
Your bat closely misses the hobgoblin.
The hobgoblin hits you but does no damage.
Robin laughs in a distinctly smug fashion.
Your bat barely misses the hobgoblin.
Your bat hits the hobgoblin. The hobgoblin barely misses your bat.
Casting: Summon Small Mammal (safe; 2% risk of failure)
Confirm with . or Enter, or press ? or * to list all spells.
You don't know that spell.
Your bat hits the hobgoblin but does no damage.
The hobgoblin barely misses your bat.
Your bat hits the hobgoblin but does no damage.
The hobgoblin hits your bat but does no damage.
Your bat hits the hobgoblin.
Robin roars a battlecry!
The hobgoblins go into a battle-frenzy!
Your bat barely misses the hobgoblin.
Robin throws the goblin at you! The goblin hits you with a +0 club.
You die...

#.# #.#
#.######
.......#
#.###...#
### #.#
.... ..#
#.# .# #.#
#.## #g#
...## #@#
....# #.
#.# ....#
#.# #b#
#.#.# #.#
#.# ..#<#
#.# #g#
###.#
#.######g#
#.. #.#
#.#ggg.g.#
#.# #.#
#.#.######
#.. #.#
#.#.## #.#


You could see Robin, 2 hobgoblins, a goblin and a friendly bat.

Vanquished Creatures
  2 bats (D:1)
  2 goblins (D:2)
  2 hobgoblins
  A jackal (D:2)
  A frilled lizard (D:1)
  2 rats
10 creatures vanquished.

Vanquished Creatures (collateral kills)
  2 dart slugs (D:1)
  3 goblins
  2 hobgoblins
  2 jackals (D:1)
  A frilled lizard (D:1)
  2 kobolds (D:1)
  2 rats (D:1)
14 creatures vanquished.

Grand Total: 24 creatures vanquished

Notes
Turn   | Place    | Note
-------+----------+-------------------------------------------
     0 | D:1      | Hylith the Barachi Summoner began the quest for the Orb.
     0 | D:1      | Reached XP level 1. HP: 13/13 MP: 3/3
    72 | D:1      | Reached skill level 5 in Summonings
   135 | D:1      | Reached XP level 2. HP: 13/19 MP: 5/5
   541 | D:2      | Noticed Robin
   597 | D:2      | Slain by a goblin

Levels and vault maps discovered:
D:1:      wander_arrival_chamber, layout_rooms
D:2:      layout_loops_ring, first_ration, uniq_robin

Skill      XL: |  1 |
---------------+----+-----
Summonings     | 5 |  5.4
Dodging        | |  2.1
Stealth        | |  1.8
Spellcasting   | |  2.6

Action                   || total
-------------------------++-------
Melee: Club              ||    36
 Cast: Summon Small Mamm ||    32
 Stab: Sleeping          ||     1
Armor: Robe              ||    17
Dodge: Dodged            ||    47

Table legend:
 A = Non-vault XP
 B = Vault XP
 C = Vault XP percentage of total XP
 D = Non-vault monster count
 E = Vault monster count
 F = Vault count percentage of total count
                 A         B        C        D         E       F
            +---------+---------+-------+---------+---------+-------
      Total |      25 |       7 |  21.9 |      19 |       5 |  20.8
            +---------+---------+-------+---------+---------+-------
        D:1 |      21 |       0 |   0.0 |      16 |       0 |   0.0
        D:2 |       4 |       7 |  63.6 |       3 |       5 |  62.5
            +---------+---------+-------+---------+---------+-------
